 Dungeon Crawl Stone Soup version 0.27-a0-1136-g0b992a5a9d (webtiles) character file.

Game seed: 17932254417575190133

45 Mesmaeker13 the Caller (level 3, -1/19 HPs)
             Began as a Tengu Summoner on May 5, 2021.
             Slain by Dowan
             ... wielding a +1 dagger of distortion
              (13 damage)
             ... on level 4 of the Dungeon.
             The game lasted 00:04:39 (3684 turns).

Mesmaeker13 the Caller (Tengu Summoner)             Turns: 3684, Time: 00:04:39

Health: -1/19      AC:  2    Str:  8    XL:     3   Next: 64%
Magic:  2/7        EV: 13    Int: 16    God:
Gold:   70         SH:  0    Dex: 14    Spells: 4/7 levels left

rFire    + . .     SeeInvis .   n - +0 long sword
rCold    x . .     Faith    .   (no shield)
rNeg     . . .     Spirit   .   a - +0 robe
rPois    .         Reflect  .   (helmet restricted)
rElec    .         Harm     .   (no cloak)
rCorr    .         Rampage  .   (no gloves)
Will     .....                  (boots unavailable)
Stlth    ++........             (no amulet)
HPRegen  0.06/turn              g - ring of fire
MPRegen  0.10/turn              (no ring)

@: no status effects
A: beak, talons 3
a: no special abilities


You were on level 4 of the Dungeon.
You visited 1 branch of the dungeon, and saw 4 of its levels.

You collected 70 gold pieces.

Inventory:

Hand Weapons
 n - a +0 long sword (weapon)
Armour
 a - a +0 robe (worn)
Jewellery
 g - a ring of fire (left hand)
Scrolls
 c - 2 scrolls of teleportation
 e - a scroll of torment {unknown}
 f - a scroll of holy word {unknown}
 l - 3 scrolls of fog
 m - a scroll of immolation {unknown}
Potions
 h - 2 potions of resistance
 i - a potion of lignification {unknown}
 j - a potion of flight {unknown}
 k - 2 potions of magic {unknown}


   Skills:
 + Level 3.1 Dodging
 - Level 2.0 Stealth
 + Level 2.6 Spellcasting
 + Level 5.3 Summonings


You had 4 spell levels left.
You knew the following spells:

 Your Spells              Type           Power      Damage    Failure   Level
a - Summon Small Mammal   Summ           76%        N/A       2%          1
b - Call Imp              Summ           19%        N/A       3%          2

Your spell library contained the following spells:

 Spells                   Type           Power      Damage    Failure   Level
 Call Canine Familiar     Summ           19%        N/A       6%          3
 Summon Guardian Golem    Hex/Summ       10%        N/A       19%         3
 Shock                    Conj/Air       8%         1d3       21%         1
 Static Discharge         Conj/Air       2%         N/A       30%         2
 Swiftness                Air            2%         N/A       52%         3
 Summon Ice Beast         Ice/Summ       10%        N/A       54%         4
 Summon Lightning Spire   Summ/Air       10%        N/A       54%         4
 Airstrike                Air            1%         N/A       89%         4
 Lightning Bolt           Conj/Air       1%         1d12      99%         5


Dungeon Overview and Level Annotations

Branches:
Dungeon (4/15)
 Temple: D:4-7

Altars:
Fedhas
Ru

Annotations:
D:4 Dowan, Duvessa


Innate Abilities, Weirdness & Mutations

You have a beak for a mouth.
You have claws for feet.


Message History

Casting: Call Imp (safe; 3% risk of failure)
Confirm with . or Enter, or press ? or * to list all spells.
A metallic apparition takes form in the air.
Casting: Call Imp (safe; 3% risk of failure)
Confirm with . or Enter, or press ? or * to list all spells.
A beastly little devil appears in a puff of flame.
Dowan mumbles some strange words.
Dowan blinks!
An orc comes into view. It is wielding a +0 hand axe.
Unknown command.
Casting: Call Imp (safe; 3% risk of failure)
Confirm with . or Enter, or press ? or * to list all spells.
A beastly little devil appears in a puff of flame.
An orc comes into view. It is wielding a +0 short sword.
Your crimson imp blinks!
Unknown command.
Duvessa, Sister of Dowan comes into view.
She is wielding a +4 short sword.
Your iron imp hits the orc.
The orc closely misses your iron imp.
Duvessa says to your iron imp, "When magic and the sword combine, nothing stands against them."
The orc closely misses your iron imp.
Your iron imp hits the orc.
The orc dies!
Unknown command.
Dowan hits your iron imp but does no damage.
Your iron imp blinks!
Your iron imp misses Dowan.
Dowan hits your iron imp but does no damage.
Space warps horribly around your iron imp!
Your iron imp dies!
A hobgoblin comes into view.
Unknown command.
Dowan casts a spell.
Dowan blinks!
There is a stone staircase leading up here.
Your crimson imp closely misses Dowan.
Dowan closely misses you.
Your crimson imp hits Dowan.
Your crimson imp closely misses Dowan.
Dowan hits you with a +1 dagger of distortion!
Space warps horribly around you!
Ouch! That really hurt!
You die...

## .. .# .# .#
.#
#..#####5####..
#.....@e5oe....
#.........####..
........g.#
#...#.###.# #..
#. .. #. #. ##.
# # .# .


You could see Duvessa, Dowan (ally target), an orc, a hobgoblin and 2 friendly
crimson imps.

Vanquished Creatures
  2 endoplasms
  3 hobgoblins
  2 jackals (D:1)
  A bat (D:2)
  2 frilled lizards
  4 kobolds
  A rat (D:2)
15 creatures vanquished.

Vanquished Creatures (collateral kills)
  2 adders (D:3)
  A worm (D:2)
  A dart slug (D:2)
  An orc (D:4)
  An endoplasm (D:2)
  3 goblins
  A hobgoblin (D:2)
  6 jackals
  A kobold (D:3)
  A quokka (D:2)
  2 ball pythons
  A frilled lizard (D:1)
  3 rats
24 creatures vanquished.

Grand Total: 39 creatures vanquished

Notes
Turn   | Place    | Note
-------+----------+-------------------------------------------
     0 | D:1      | Mesmaeker13 the Tengu Summoner began the quest for the Orb.
     0 | D:1      | Reached XP level 1. HP: 10/10 MP: 4/4
   430 | D:1      | Found a faded altar of an unknown god.
   683 | D:1      | Reached skill level 5 in Summonings
   921 | D:1      | Reached XP level 2. HP: 10/15 MP: 3/6
  1422 | D:2      | Learned a level 2 spell: Call Imp
  2538 | D:2      | Reached XP level 3. HP: 19/19 MP: 4/7
  2847 | D:2      | Found a sacrificial altar of Ru.
  3240 | D:3      | Found a blossoming altar of Fedhas.
  3670 | D:4      | Noticed Dowan
  3677 | D:4      | Noticed Duvessa
  3684 | D:4      | Slain by Dowan

Illustrated notes

Levels and vault maps discovered:
D:1:      roderic_chinese_lattice_arrival, layout_loops_ring,
          shapermc_ecumenical_altar_mp_vishouse
D:2:      layout_basic, basic_altar
D:3:      layout_rooms, lemuel_doored_altar
D:4:      layout_loops_cross, dk_vineyard_1, dk_noncrumbling_3,
          kennysheep_path_1, minmay_manual_monstrance, uniq_duvessa,
          uniq_blork_the_orc

Skill      XL: |  1  2  3 |
---------------+----------+-----
Summonings     | 5 |  5.3
Dodging        | 3 |  3.1
Stealth        | |  2.0
Spellcasting   | |  2.6

Action                   || total
-------------------------++-------
Melee: Hand axe          ||    47
       Kick              ||     7
       Peck              ||     9
       Unarmed           ||     1
 Cast: Summon Small Mamm ||    27
       Call Imp          ||    20
  Use: Scroll            ||     3
 Stab: Sleeping          ||     1
Armor: Robe              ||    11
Dodge: Dodged            ||    42

Table legend: (Time is in decaauts)
 A = Elapsed time spent in this place.
 B = Non-inter-level travel time spent in this place.
 C = Inter-level travel time spent in this place.
 D = Time resting spent in this place.
 E = Time spent auto-exploring this place.
 F = Levels seen in this place.
 G = Mean time per level.
                   A        B        C        D        E       F      G
               +--------+--------+--------+--------+--------+-----+--------+
         Total |   3695 |   3617 |     78 |   1015 |   2180 |   4 |  923.8 |
       Dungeon |   3695 |   3617 |     78 |   1015 |   2180 |   4 |  923.8 |
               +--------+--------+--------+--------+--------+-----+--------+

Top non-repeatable levels by time:
     D:2: 1608 daAuts
     D:1: 1403 daAuts
     D:3: 669 daAuts
     D:4: 14 daAuts
